Map: Seething Jungle

Players

AlienTwiggy

  • Race: Protoss Protoss
  • Spawn Location: 1:00

Yuna

  • Race: Protoss Protoss
  • Spawn Location: 12:00

Momanon - Winner!

  • Race: Zerg Zerg
  • League: Gold
  • Spawn Location: 6:00

Grumm - Winner!

  • Race: Zerg Zerg
  • League: Gold
  • Spawn Location: 7:00

VOD

Have the link to the VOD?

Description

Time

  • Played on: Jan. 23, 2016, 4:19 p.m.
  • Length: 12:47
Show
View Real Time Build Order
Export as new Build Order

AlienTwiggy Protoss 

Build Orders:  

Get SALT Encoding   

  12  0:02  Probe (Chrono Boost)  
  13  0:12  Probe (Chrono Boost)  
  14  0:23  Pylon, Probe (Chrono Boost)  
  15  0:41  Probe (Chrono Boost)  
  16  0:47  Gateway  
  16  0:52  Probe (Chrono Boost)  
  16  0:56  Pylon  
  17  1:02  Probe (Chrono Boost)  
  18  1:08  Forge  
  18  1:13  Probe (Chrono Boost)  
  18  1:17  Assimilator  
  19  1:28  Probe (Chrono Boost)  
  19  1:30  Pylon  
  20  1:33  Assimilator  
  20  1:38  Probe (Chrono Boost)  
  21  1:49  Probe (Chrono Boost)  
  21  1:51  Cybernetics Core  
  22  1:59  Probe (Chrono Boost)  
  23  2:01  Pylon  
  23  2:06  Zealot  
  25  2:10  Probe (Chrono Boost)  
  26  2:20  Probe (Chrono Boost)  
  26  2:22  Gateway  
  27  2:30  Gateway  
  27  2:36  Photon Cannon  
  27  2:44  Gateway  
  27  3:02  Warp Gate (Chrono Boost)  
  27  3:11  Nexus  
  27  3:17  Zealot  
  29  3:29  Photon Cannon  
  29  3:38  Stalker  
  31  3:42  Stalker  
  34  3:48  Probe  
  34  4:00  Probe  
  35  4:10  Pylon  
  35  4:12  Probe  
  36  4:18  Pylon  
  36  4:23  Pylon  
  36  4:24  Probe  
  36  4:26  Pylon  
  36  4:29  Pylon  
  36  4:30  Probe  
  37  4:36  Probe  
  39  4:40  Probe  
  38  5:04  Probe x2 (Chrono Boost)  
  41  5:14  Probe x2 (Chrono Boost)  
  42  5:25  Probe x2 (Chrono Boost)  
  44  5:32  Twilight Council  
  44  5:35  Probe x2 (Chrono Boost)  
  46  5:39  Robotics Facility  
  46  5:44  Nexus  
  46  5:46  Probe x2 (Chrono Boost)  
  48  5:55  Assimilator  
  48  5:56  Probe x2 (Chrono Boost)  
  50  6:01  Assimilator  
  50  6:07  Probe x2 (Chrono Boost)  
  50  6:10  Stalker x3  
  58  6:17  Probe (Chrono Boost)  
  58  6:18  Probe (Chrono Boost)  
  60  6:28  Probe x2 (Chrono Boost)  
  60  6:32  Immortal  
  66  6:37  Blink  
  66  6:38  Robotics Bay, Probe (Chrono Boost)  
  67  6:44  Robotics Facility  
  67  6:48  Templar Archives  
  67  6:50  Photon Cannon  
  67  6:53  Probe x2 (Chrono Boost)  
  69  6:57  Probe (Chrono Boost)  
  70  7:04  Probe x2 (Chrono Boost)  
  70  7:08  Probe (Chrono Boost)  
  73  7:11  Stalker  
  73  7:12  Sentry  
  73  7:14  Probe (Chrono Boost)  
  73  7:15  Probe (Chrono Boost)  
  79  7:18  Probe (Chrono Boost)  
  80  7:25  Probe x2 (Chrono Boost)  
  79  7:43  Stalker x4  
  71  8:11  Stalker x2  
  71  8:12  Stalker x2  
  67  8:26  Probe x2 (Chrono Boost)  
  69  8:36  Probe (Chrono Boost)  
  69  8:37  Probe (Chrono Boost)  
  71  8:47  Probe x2 (Chrono Boost)  
  73  8:52  Assimilator  
  73  8:54  Assimilator  
  73  8:58  Probe x2 (Chrono Boost)  
  75  9:08  Probe (Chrono Boost)  
  76  9:11  Nexus  
  68  9:29  High Templar x2  
  68  9:30  High Templar x2  
  76  9:39  Colossus  
  76  9:42  Colossus  
  58  10:05  Archon x2  
Show
View Real Time Build Order
Export as new Build Order

Yuna Protoss 

Build Orders:  

Get SALT Encoding   

  12  0:01  Probe (Chrono Boost)  
  13  0:12  Probe (Chrono Boost)  
  14  0:23  Pylon, Probe (Chrono Boost)  
  15  0:32  Assimilator  
  15  0:41  Probe (Chrono Boost)  
  16  0:44  Gateway  
  16  0:52  Probe (Chrono Boost)  
  16  0:54  Assimilator  
  17  1:02  Probe (Chrono Boost)  
  18  1:08  Pylon  
  18  1:13  Probe (Chrono Boost)  
  19  1:23  Probe (Chrono Boost)  
  20  1:31  Cybernetics Core  
  20  1:34  Probe (Chrono Boost)  
  21  1:44  Probe (Chrono Boost)  
  22  1:55  Probe (Chrono Boost), Zealot  
  22  2:00  Gateway  
  25  2:09  Gateway  
  25  2:14  Warp Gate (Chrono Boost)  
  25  2:15  Probe  
  25  2:27  Probe  
  26  2:32  Pylon, Sentry  
  28  2:41  Twilight Council  
  28  2:49  Sentry  
  30  2:57  Stalker  
  32  3:04  Pylon  
  32  3:07  Stalker  
  32  3:12  Mothership Core  
  36  3:33  Probe  
  37  3:34  Forge  
  37  3:44  Stalker, Sentry  
  37  3:46  Zealot  
  37  3:47  Probe  
  44  3:59  Probe  
  44  4:02  Gateway  
  45  4:08  Blink (Chrono Boost)  
  45  4:23  Pylon  
  45  4:27  Pylon  
  45  4:32  Photon Cannon  
  45  4:50  Stalker x3  
  51  4:58  Probe, Photon Cannon  
  52  5:10  Stalker  
  54  5:23  Protoss Ground Weapons Level 1  
  54  5:24  Robotics Facility  
  54  5:29  Stalker  
  54  5:32  Probe  
  57  5:43  Stalker  
  57  5:44  Stalker  
  61  5:54  Photon Cannon  
  61  6:22  Nexus  
  60  6:30  Probe  
  61  6:33  Pylon  
  61  6:37  Pylon  
  61  6:42  Probe  
  61  6:43  Observer  
  63  6:50  Robotics Bay  
  63  6:54  Probe  
  64  7:03  Pylon  
  64  7:06  Probe  
  65  7:28  Stalker  
  65  7:29  Stalker x3  
  71  7:52  Photon Cannon  
  71  8:03  Stalker x2  
  75  8:10  Photon Cannon  
  67  8:23  Stalker x2  
  69  8:27  Assimilator  
  69  8:52  Stalker  
  69  8:53  Stalker x3  
  77  8:57  Assimilator  
  77  8:58  Probe  
  77  8:59  Probe  
  56  9:22  Robotics Facility  
  42  9:24  Probe  
  42  9:25  Robotics Facility  
  42  9:27  Probe  
  42  9:29  Stalker x2  
  40  9:36  Probe  
  40  9:37  Probe  
  41  9:40  Disruptor  
  45  9:46  Stalker  
  47  9:53  Stalker  
  49  10:11  Gateway x2  
  49  10:13  Probe  
Show
View Real Time Build Order
Export as new Build Order

Momanon Zerg - Winner!

Build Orders: Pool First 

Get SALT Encoding   

  12  0:06  Drone  
  13  0:13  Drone  
  14  0:18  Overlord  
  14  0:37  Drone, Spawning Pool  
  14  0:41  Drone  
  15  0:45  Drone  
  15  0:49  Drone  
  17  1:15  Hatchery  
  17  1:18  Drone  
  17  1:21  Extractor  
  17  1:25  Queen  
  16  1:28  Drone  
  19  1:33  Zergling x2  
  19  1:39  Drone  
  21  1:43  Drone  
  22  2:07  Overlord  
  22  2:12  Overlord  
  22  2:18  Extractor  
  21  2:25  Drone, Queen  
  21  2:28  Queen  
  26  2:47  Drone  
  26  2:48  Drone x4  
  31  2:56  Drone x2  
  31  2:57  Drone x2  
  35  3:01  Lair  
  35  3:16  Roach Warren  
  35  3:19  Drone x2  
  36  3:21  Drone  
  36  3:23  Drone  
  38  3:38  Drone x2  
  38  3:39  Drone x3  
  38  3:40  Drone  
  44  3:45  Drone, Extractor  
  44  3:47  Extractor  
  43  3:50  Drone  
  43  3:52  Overlord  
  44  3:59  Overlord  
  44  4:00  Glial Reconstitution  
  44  4:10  Drone  
  44  4:12  Overlord  
  44  4:16  Drone  
  46  4:17  Drone x2  
  46  4:20  Overlord  
  46  4:21  Drone  
  46  4:22  Drone x2  
  51  4:29  Roach  
  53  4:37  Roach x2  
  57  4:43  Evolution Chamber  
  57  4:45  Evolution Chamber  
  55  4:49  Roach x3  
  55  4:50  Roach x2  
  65  5:02  Evolution Chamber  
  65  5:04  Evolution Chamber  
  63  5:13  Overlord  
  63  5:14  Roach x4  
  69  5:18  Zerg Missile Weapons Level 1  
  69  5:20  Zerg Ground Armor Level 1  
  71  5:29  Overlord  
  71  5:30  Roach x2  
  71  5:31  Roach x2  
  71  5:33  Roach  
  81  5:36  Roach  
  81  5:39  Overlord  
  83  5:43  Overseer  
  83  6:01  Ravager  
  83  6:02  Ravager x2  
  83  6:03  Ravager x6  
  92  6:08  Hatchery  
  91  6:16  Overlord  
  91  6:17  Roach x3  
  91  6:18  Roach  
  99  6:31  Hydralisk Den  
  98  6:35  Zerg Melee Weapons Level 1  
  98  6:38  Drone x2  
  98  6:39  Drone x5  
  105  6:46  Overseer  
  105  6:56  Overlord  
  105  6:57  Roach  
  105  6:59  Overlord  
  107  7:06  Extractor  
  107  7:08  Extractor  
  105  7:09  Drone x3  
  105  7:14  Overlord  
  105  7:38  Overlord, Hydralisk x5  
  105  7:39  Hydralisk x2  
  107  8:13  Hydralisk x6  
  107  8:14  Hydralisk x3  
  93  8:28  Overlord  
  93  8:29  Roach x2  
  97  8:36  Overseer  
  97  8:40  Overlord, Hydralisk x2  
  100  8:52  Hydralisk x2  
  100  8:54  Overlord  
  95  9:17  Hydralisk  
  95  9:18  Roach x5  
  100  9:38  Drone x2  
  100  9:39  Drone  
  100  9:41  Drone  
  100  9:43  Drone x4  
  100  9:44  Drone  
  102  10:23  Hydralisk  
  102  10:24  Hydralisk x7  
  102  10:25  Overlord x3  
  102  10:26  Overlord  
Show
View Real Time Build Order
Export as new Build Order

Grumm Zerg - Winner!

Build Orders: Hatch First 

Get SALT Encoding   

  12  0:01  Drone  
  13  0:09  Drone  
  14  0:17  Overlord  
  14  0:29  Extractor  
  14  0:30  Drone  
  15  0:36  Drone x2  
  17  0:44  Drone  
  18  0:58  Evolution Chamber  
  18  1:00  Drone  
  18  1:18  Drone x2, Extractor  
  19  1:20  Hatchery  
  18  1:32  Drone  
  19  1:37  Extractor  
  18  1:41  Spawning Pool  
  17  1:50  Drone  
  18  2:04  Drone x2  
  20  2:16  Drone  
  21  2:32  Overlord  
  21  2:38  Zergling x2  
  21  2:39  Zergling x2  
  23  2:48  Metabolic Boost  
  23  2:50  Hatchery  
  22  2:54  Zerg Ground Armor Level 1  
  22  2:57  Queen  
  24  3:09  Drone  
  24  3:10  Drone x3  
  28  3:20  Queen  
  30  3:33  Lair  
  30  3:38  Overlord  
  30  3:40  Drone x2  
  32  3:50  Spine Crawler  
  32  3:52  Drone  
  32  3:53  Drone  
  33  4:10  Zergling x2  
  33  4:11  Zergling x6  
  37  4:25  Drone x2  
  37  4:26  Drone x4  
  42  5:04  Extractor  
  42  5:06  Extractor  
  40  5:10  Hydralisk Den  
  40  5:12  Nydus Network  
  38  5:14  Drone  
  38  5:15  Drone x2, Queen  
  38  5:17  Overlord  
  38  5:18  Zergling x2, Overlord  
  38  5:19  Zergling x12  
  50  5:39  Zerg Ground Armor Level 2  
  50  5:46  Overlord  
  50  5:47  Hydralisk x3  
  50  5:48  Hydralisk x2  
  60  5:59  Drone x2  
  62  6:07  Spine Crawler  
  62  6:09  Spore Crawler  
  60  6:11  Drone x2  
  60  6:12  Drone  
  60  6:13  Drone x4  
  66  6:26  Lurker Den  
  66  6:41  Overlord x2  
  66  6:44  Drone x5  
  66  6:45  Drone x2  
  73  6:49  Extractor  
  73  6:52  Extractor  
  71  6:59  Nydus Canal  
  71  7:09  Hydralisk  
  71  7:10  Hydralisk x4  
  71  7:13  Overlord x2  
  64  7:51  Infestation Pit  
  64  7:53  Drone x2  
  64  7:54  Zergling x16  
  73  8:11  Hydralisk x4  
  81  8:15  Pneumatized Carapace  
  81  8:20  Burrow  
  81  8:22  Zergling x2  
  81  8:23  Zergling x4  
  84  8:29  Queen  
  86  8:39  Lurker x2  
  88  8:43  Zergling x14  
  95  9:00  Overlord x2  
  95  9:01  Zergling x2  
  95  9:02  Zergling x14  
  96  9:28  Hydralisk x5  
  96  9:29  Hydralisk x7  
  120  9:32  Lurker  
  121  9:58  Nydus Canal  
  119  11:48  Zergling x6  
  119  11:49  Overlord x2  
  119  11:50  Overlord  
Tags
 
Add a new tag
Caveats
  • Supply blocks, unpowered buildings, or Contaminate may cause inaccurate times.
  • Supply counts are checked every 10 seconds.